 Dungeon Crawl Stone Soup version 0.31.0-9-g3a7656b989 (webtiles) character file.

Game seed: 8860161140445138133

119 qw the Skirmisher (level 4, 0/25 HPs)
             Began as a Deep Elf Hunter on Feb 2, 2024.
             Slain by Terence
             ... wielding a +0 flail
              (4 damage)
             ... on level 3 of the Dungeon.
             The game lasted 00:00:08 (2069 turns).

qw the Skirmisher (Deep Elf Hunter)                 Turns: 2069, Time: 00:00:08

Health: 0/25       AC:  5    Str:  9 (10) XL:     4   Next: 73%
Magic:  6/6        EV: 10    Int: 14      God:
Gold:   112        SH:  0    Dex: 17 (18) Spells: 3/3 levels left

rFire   . . .        a - +0 shortbow
rCold   . . .        (shield currently unavailable)
rNeg    . . .        e - +0 ring mail
rPois   .            (no helmet)
rElec   .            (no cloak)
rCorr   .            (no gloves)
SInv    .            (no boots)
Will    +....        (no amulet)
Stlth   +            j - ring of willpower
HPRegen 0.24/turn    (no ring)
MPRegen 0.10/turn

%: no passive effects
@: no status effects
A: no striking features
a: no special abilities


You were on level 3 of the Dungeon.
You visited 1 branch of the dungeon, and saw 3 of its levels.

You collected 112 gold pieces.


   Skills:
 - Level 1.5 Fighting
 + Level 8.1 Ranged Weapons
 - Level 2.4 Dodging
 - Level 1.2 Stealth


You had 3 spell levels left.
You didn't know any spells.
Your spell library was empty.

Inventory:

Hand Weapons
 a - a +0 shortbow (weapon)
Armour
 e - a +0 ring mail (worn)
Jewellery
 j - a ring of willpower (left hand)
Wands
 d - a wand of quicksilver (12)
Scrolls
 c - a scroll of amnesia {unknown}
Potions
 f - a potion of enlightenment
 h - a potion of berserk rage {unknown}
 i - a potion of invisibility {unknown}
 k - a potion of might {unknown}

Dungeon Overview and Level Annotations

Branches:
Dungeon (3/15)

Altars:

Annotations:
D:3 Terence


Message History

Terence barely misses you.
You shoot an arrow. The arrow hits Terence.
Terence is lightly wounded.
Terence hits you with a +0 flail.
You shoot an arrow. The arrow hits Terence.
Terence is moderately wounded.
Terence hits you but does no damage.
You shoot an arrow. The arrow closely misses Terence.
Terence hits you with a +0 flail.
You shoot an arrow. The arrow closely misses Terence.
Terence says, "Don't bother to defend, it's senseless."
Terence hits you with a +0 flail! Terence barely misses you.
2062 ||| DRINKING potion of heal wounds.
You feel much better. Terence hits you with a +0 flail.
You shoot an arrow.
The arrow hits Terence but does no damage.
Terence is moderately wounded.
Terence hits you but does no damage.
You shoot an arrow. The arrow hits Terence.
Terence is moderately wounded.
Terence hits you but does no damage.
You shoot an arrow.
The arrow hits Terence but does no damage.
Terence is moderately wounded.
Terence hits you with a +0 flail.
You shoot an arrow. The arrow barely misses Terence.
Terence hits you with a +0 flail.
You shoot an arrow. The arrow hits Terence.
Terence is moderately wounded.
Terence hits you with a +0 flail.
You shoot an arrow.
The arrow hits Terence but does no damage.
Terence is moderately wounded.
Terence hits you with a +0 flail. x2
You shoot an arrow. The arrow hits Terence.
Terence is heavily wounded.
Terence hits you with a +0 flail.
You die...
Terence says, "Rest in peace."

# #. .### #.# ..#
#.##### #@#
#.##... #@#
#.##.## #.#
#.##<# #.#
#####.##)## #.#
#...#.#.... #<#
#........## #.#
###...#.##.#
#.####......(...#
#..........###..#
######.#...# #..#


You could see Terence.

Vanquished Creatures
  2 orc priests
  An adder (D:3)
  3 dart slugs
  3 orcs (D:2)
  An endoplasm (D:2)
  2 giant cockroaches
  5 goblins
  2 hobgoblins (D:1)
  4 jackals (D:2)
  3 kobolds
  3 quokkas
  6 bats
  2 frilled lizards
  7 rats
44 creatures vanquished.

Notes
Turn   | Place    | Note
-------+----------+-------------------------------------------
     0 | D:1      | qw the Deep Elf Hunter began the quest for the Orb.
     0 | D:1      | Reached XP level 1. HP: 12/12 MP: 3/3
     0 | D:1      | 0 ||| qw: Version: 0.3-a-155-g5e7d8dd
     0 | D:1      | 0 ||| qw: Game counter: 2753
     0 | D:1      | 0 ||| qw: Melee chars always use a shield: true
     0 | D:1      | 0 ||| qw: God list: Okawaru
     0 | D:1      | 0 ||| qw: Allow faded altars: false
     0 | D:1      | 0 ||| qw: Do Orc after clearing Dungeon:15 true
     0 | D:1      | 0 ||| qw: Do second Lair branch before Depths: true
     0 | D:1      | 0 ||| qw: Lair rune preference: random
     0 | D:1      | 0 ||| qw: Goals: Normal
     0 | D:1      | 0 ||| PLANNING D:1-11
   218 | D:1      | Reached XP level 2. HP: 16/16 MP: 4/4
   239 | D:1      | Reached skill level 6 in Ranged Weapons
  1000 | D:1      | 1000 ||| UPGRADING to +0 ring mail.
  1010 | D:1      | 1010 ||| DROPPING +0 leather armour.
  1011 | D:1      | 1011 ||| READING 2 scrolls labelled ROIN DEUMU.
  1014 | D:1      | 1014 ||| READING scroll labelled FIDYCKERCHANG.
  1014 | D:1      | 1014 ||| IDENTIFYING clear potion
  1015 | D:1      | 1015 ||| DRINKING 2 red potions.
  1016 | D:1      | 1016 ||| DROPPING scroll of butterflies.
  1085 | D:2      | HP: 4/16 [jackal (2)]
  1086 | D:2      | 1086 ||| READING scroll of teleportation.
  1086 | D:2      | HP: 1/16 [rat (2)]
  1087 | D:2      | 1087 ||| DRINKING potion of heal wounds.
  1093 | D:2      | Reached XP level 3. HP: 17/20 MP: 5/5
  1376 | D:2      | 1376 ||| UPGRADING to ring of willpower.
  1377 | D:2      | 1377 ||| READING 2 scrolls labelled HAUZON OKLIM TOTT.
  1378 | D:2      | 1378 ||| READING scroll labelled RIFIOL MENLOMM.
  1385 | D:2      | 1385 ||| FLEEEEING.
  1386 | D:2      | 1386 ||| FLEEEEING.
  1387 | D:2      | 1387 ||| FLEEEEING.
  1388 | D:2      | 1388 ||| FLEEEEING.
  1390 | D:2      | 1390 ||| FLEEEEING.
  1391 | D:2      | 1391 ||| FLEEEEING.
  1392 | D:2      | 1392 ||| FLEEEEING.
  1393 | D:2      | 1393 ||| FLEEEEING.
  1394 | D:2      | 1394 ||| FLEEEEING.
  1395 | D:2      | 1395 ||| FLEEEEING.
  1396 | D:2      | 1396 ||| FLEEEEING.
  1397 | D:2      | 1397 ||| FLEEEEING.
  1501 | D:2      | 1501 ||| DRINKING 2 cyan potions.
  1502 | D:2      | 1502 ||| DROPPING scroll of blinking.
  1503 | D:2      | 1503 ||| DROPPING potion of degeneration.
  1520 | D:3      | 1520 ||| STAIRDANCE
  1565 | D:3      | 1565 ||| STAIRDANCE
  1571 | D:2      | Reached skill level 7 in Ranged Weapons
  1577 | D:3      | 1577 ||| STAIRDANCE
  1596 | D:3      | 1596 ||| STAIRDANCE
  1656 | D:3      | 1656 ||| STAIRDANCE
  1663 | D:2      | Reached XP level 4. HP: 9/25 MP: 6/6
  1729 | D:3      | 1729 ||| STAIRDANCE
  1769 | D:3      | Reached skill level 8 in Ranged Weapons
  1927 | D:3      | Found a faded altar of an unknown god.
  2053 | D:3      | Noticed Terence
  2061 | D:3      | HP: 4/25 [Terence/+0 flail (8)]
  2062 | D:3      | 2062 ||| DRINKING potion of heal wounds.
  2068 | D:3      | HP: 4/25 [Terence/+0 flail (4)]
  2069 | D:3      | Slain by Terence

Levels and vault maps discovered:
D:1:      dpeg_arrival_subterranean_lakeside_camping, layout_loops_corners,
          roderic_lattice_a
D:2:      layout_basic
D:3:      cheibrodos_old_hovel, layout_loops_ring, grunt_gozag_statues,
          shapermc_ecumenical_altar_venn, reono_crystal_passage, uniq_terence,
          uniq_crazy_yiuf_cottage

Skill      XL: |  1  2  3  4 |
---------------+-------------+-----
Ranged Weapons | 6 7 8 |  8.1
Fighting       | |  1.5
Dodging        | |  2.4
Stealth        | |  1.2

Action                     |  1- 3 |  4- 6 || total
---------------------------+-------+-------++-------
   Fire: Shortbow          |   100 |    32 ||   132
    Use: Scroll            |     5 |       ||     5
         Potion            |     3 |     1 ||     4
 Armour: Leather armour    |    10 |       ||    10
         Ring mail         |    34 |    19 ||    53
  Dodge: Dodged            |    41 |    11 ||    52

Table legend:
 A = Non-vault XP
 B = Vault XP
 C = Vault XP percentage of total XP
 D = Non-vault monster count
 E = Vault monster count
 F = Vault count percentage of total count
                 A         B        C        D         E       F
            +---------+---------+-------+---------+---------+-------
      Total |     159 |      11 |   6.5 |      37 |       7 |  15.9
            +---------+---------+-------+---------+---------+-------
        D:1 |      17 |       9 |  34.6 |      10 |       6 |  37.5
        D:2 |      85 |       0 |   0.0 |      23 |       0 |   0.0
        D:3 |      57 |       2 |   3.4 |       4 |       1 |  20.0
            +---------+---------+-------+---------+---------+-------
